 Dungeon Crawl Stone Soup version 0.21.1-1-g345015f (webtiles) character file.

1459 letownia2 the Geomancer (level 9, 0/59 HPs)
             Began as a Formicid Earth Elementalist on Feb 26, 2018.
             Succumbed to a killer bee's poison
             ... on level 7 of the Dungeon.
             The game lasted 00:13:28 (2432 turns).

letownia2 the Geomancer (FoEE)                      Turns: 2432, Time: 00:13:29

Health: 0/59       AC:  4    Str: 13    XL:     9   Next: 5%
Magic:  6/15       EV: 11    Int: 18    God:
Gold:   219        SH:  4    Dex: 11    Spells: 1/16 levels left

rFire    . . .     SeeInvis +   a - +0 spear (freeze)
rCold    + . .     Gourm    .   m - +0 buckler
rNeg     . . .     Faith    .   q - +0 leather armour (curse)
rPois    .         Spirit   .   (helmet unavailable)
rElec    .         Reflect  .   (no cloak)
rCorr    .         Harm     .   (no gloves)
MR       .....                  z - +0 pair of boots
Stlth    ++........             (no amulet)
HPRegen  0.19/turn              B - ring of protection from cold (curse)
MPRegen  0.14/turn              (no ring)

@: lethally poisoned (0 -> -14)
A: permanent stasis, dig shafts and tunnels, four strong arms, antennae 3
a: Dig, Shaft Self


You were on level 7 of the Dungeon.
You were not hungry.

You visited 1 branch of the dungeon, and saw 7 of its levels.

You collected 219 gold pieces.

Inventory:

Hand Weapons
 a - a +0 spear of freezing (weapon)
 h - a +0 whip
 k - a cursed -3 mace
 s - a +0 quarterstaff
 G - a +0 dagger
Missiles
 b - 45 stones (quivered)
 o - 18 sling bullets
 I - 5 javelins of returning
Armour
 m - a +0 buckler (worn)
 q - a cursed +0 leather armour (worn)
 r - a +0 helmet
 u - a +0 leather armour of fire resistance
 y - a +1 leather armour of cold resistance
 z - a +0 pair of boots (worn)
 C - a +0 ring mail
Jewellery
 B - a cursed ring of protection from cold (left hand)
Wands
 g - a wand of iceblast (18)
Scrolls
 f - 4 scrolls of remove curse {unknown}
 j - 2 scrolls of amnesia {unknown}
 n - 3 scrolls of teleportation {unknown}
 t - a scroll of random uselessness {unknown}
 v - 2 scrolls of blinking {unknown}
 w - a scroll of magic mapping {unknown}
 x - 6 scrolls of identify {unknown}
Potions
 c - a potion of berserk rage {unknown}
 i - 3 potions of curing {unknown}
 l - 4 potions of degeneration {unknown}
 p - 3 potions of flight {unknown}
 A - a potion of heal wounds {unknown}
 E - a potion of agility {unknown}
 F - a potion of lignification {unknown}
 H - a potion of might {unknown}
Books
 e - a book of Geomancy

   Spells                             Type                      Level
   a - Sandblast                      Earth                        1
   b - Passwall                       Transmutation/Earth          2
   c - Stone Arrow                    Conjuration/Earth            3
   d - Petrify                        Transmutation/Earth          4
   e - Lee's Rapid Deconstruction     Earth                        5
Comestibles
 d - 5 rations
 D - a chunk of flesh


   Skills:
 - Level 1.2 Fighting
 - Level 1.7 Dodging
 - Level 2.4 Stealth
 - Level 3.4 Shields
 - Level 4.3 Spellcasting
 - Level 2.5 Conjurations
 - Level 1.1 Transmutations
 + Level 10.8 Earth Magic


You had one spell level left.
You knew the following spells:

 Your Spells              Type           Power        Failure   Level  Hunger
a - Sandblast             Erth           #####.       1%          1    None
d - Stone Arrow           Conj/Erth      ####..       3%          3    ###....
l - Lee's Rapid Deconstr  Erth           #####.....   6%          5    ######.
p - Petrify               Tmut/Erth      ####....     16%         4    ####...
w - Passwall              Tmut/Erth      ####......   2%          2    ##.....


Dungeon Overview and Level Annotations

Branches:
Dungeon (7/15)
 Temple: D:4-7

Altars:

Annotations:
D:4 anotherperson's ghost, novice GrFi


Innate Abilities, Weirdness & Mutations

You cannot be hasted, slowed, berserked, paralysed or teleported.
You can dig through walls and to a lower floor.
Your four strong arms can wield two-handed weapons with a shield.
You have a pair of large antennae on your head. (SInv)


Message History

Aim: a killer bee (moderately wounded)
The blast of sand misses the killer bee.
b - 46 stones
* * * LOW HITPOINT WARNING * * *
You feel sick. The killer bee completely misses you. The killer bee stings you.
* * * LOW HITPOINT WARNING * * *
The killer bee stings you!
* * * LOW HITPOINT WARNING * * *
The killer bee misses you. The killer bee closely misses you.
The killer bee stings you.
* * * LOW HITPOINT WARNING * * *
Casting: Sandblast
Confirm with . or Enter, or press ? or * to list all spells.
Aiming: Sandblast
Press: ? - help, Shift-Dir - straight line, f/p - killer bee
Aim: a killer bee (moderately wounded)
The blast of sand hits the killer bee.
You kill the killer bee!
b - 45 stones You die...

#......# ...
#..[...##..
#.........
#........
#.......
#......####..
#.....†......
##....@y......
#......y.....#
#......###....
#......# ...
#......# .
#......#
#......#
#......#
#......######..


You could see 2 killer bees.

Vanquished Creatures
  Sigmund (D:3)
  A phantom (D:5)
  2 ogres
  3 bullfrogs
  4 killer bees (D:7)
  3 crimson imps
  A quasit (D:6)
  2 orc priests (D:6)
  A jelly (D:5)
  A bullfrog skeleton (D:6)
  A hound (D:4)
  Jessica (D:3)
  2 iguanas (D:6)
  3 orc wizards
  A worker ant (D:5)
  A hound skeleton (D:6)
  2 worker ant zombies (D:5)
  7 gnolls
  A howler monkey skeleton (D:6)
  3 adders
  2 shadow imps (D:5)
  An adder skeleton (D:6)
  An adder zombie (D:7)
  A dart slug (D:2)
  3 leopard geckos
  9 orcs
  A giant cockroach (D:2)
  A hobgoblin (D:2)
  3 jackals (D:2)
  A kobold (D:2)
  3 quokkas
  2 ball pythons
  A frilled lizard (D:2)
  3 goblins
  A quokka zombie (D:6)
  A rat (D:2)
75 creatures vanquished.

Notes
Turn   | Place    | Note
-------+----------+-------------------------------------------
     0 | D:1      | letownia2 the Formicid Earth Elementalist began the quest for the Orb.
     0 | D:1      | Reached XP level 1. HP: 13/13 MP: 3/3
   154 | D:2      | Reached skill level 4 in Earth Magic
   155 | D:2      | Reached XP level 2. HP: 16/19 MP: 1/5
   240 | D:3      | Noticed Jessica
   247 | D:3      | Killed Jessica
   247 | D:3      | Reached skill level 5 in Earth Magic
   247 | D:3      | Reached XP level 3. HP: 12/24 MP: 4/6
   252 | D:3      | Learned a level 3 spell: Stone Arrow
   308 | D:3      | Noticed Sigmund
   368 | D:3      | Reached XP level 4. HP: 9/30 MP: 3/7
   726 | D:4      | Noticed anotherperson's ghost (novice GrFi)
   901 | D:3      | Killed Sigmund
   901 | D:3      | Reached XP level 5. HP: 7/35 MP: 0/8
   901 | D:3      | Reached XP level 6. HP: 8/41 MP: 0/9
  1044 | D:5      | Entered Level 5 of the Dungeon
  1082 | D:5      | Reached skill level 1 in Fighting
  1137 | D:5      | Noticed a phantom
  1147 | D:5      | Killed a phantom
  1147 | D:5      | Reached skill level 6 in Earth Magic
  1147 | D:5      | Reached XP level 7. HP: 47/48 MP: 5/11
  1232 | D:5      | Learned a level 2 spell: Passwall
  1492 | D:6      | Reached skill level 7 in Earth Magic
  1811 | D:6      | Reached XP level 8. HP: 54/54 MP: 12/14
  1867 | D:6      | Reached skill level 8 in Earth Magic
  2018 | D:6      | Reached skill level 9 in Earth Magic
  2249 | D:7      | Learned a level 5 spell: Lee's Rapid Deconstruction
  2254 | D:7      | Learned a level 4 spell: Petrify
  2344 | D:7      | Reached skill level 10 in Earth Magic
  2428 | D:7      | Reached XP level 9. HP: 29/59 MP: 9/15
  2431 | D:7      | HP: 2/59 [killer bee (1)]
  2432 | D:7      | Succumbed to a killer bee's poison

Skill      XL: |  1  2  3  4  5  6  7  8 |
---------------+-------------------------+-----
Earth Magic    | 4 5 6 7 10 | 10.8
Shields        | 3 |  3.4
Conjurations   | 2 |  2.5
Fighting       | 1 |  1.2
Spellcasting   | 3 4 |  4.3
Dodging        | |  1.7
Stealth        | |  2.4
Transmutations | |  1.1

Action                   |  1- 3 |  4- 6 |  7- 9 || total
-------------------------+-------+-------+-------++-------
Melee: Unarmed           |    23 |       |       ||    23
       Whip              |     2 |       |       ||     2
       Dagger            |       |     7 |    74 ||    81
       Spear             |       |       |     7 ||     7
 Cast: Sandblast         |    17 |    28 |    93 ||   138
       Stone Arrow       |       |       |     7 ||     7
 Stab: Sleeping          |     2 |       |       ||     2
  Eat: Chunk             |       |     1 |     5 ||     6
Armor: Robe              |     8 |       |       ||     8
       Leather armour    |       |       |    19 ||    19
Dodge: Dodged            |    23 |    13 |    67 ||   103
Block: Buckler           |       |     3 |    17 ||    20
